 Dungeon Crawl Stone Soup version 0.22-a0-423-g4197694 (webtiles) character file.

518 MisterFreud the Slicer (level 7, -1/61 HPs)
             Began as a Kobold Berserker on May 23, 2018.
             Was a Priest of Trog.
             Slain by an orc warrior
             ... wielding a +3 short sword
              (5 damage)
             ... on level 4 of the Dungeon.
             The game lasted 00:10:44 (3616 turns).

MisterFreud the Slicer (Kobold Berserker)           Turns: 3616, Time: 00:10:44

Health: -1/61      AC:  3    Str: 21    XL:     7   Next: 45%
Magic:  0/7        EV: 15    Int:  8    God:    Trog [***...]
Gold:   247        SH:  0    Dex: 15    Spells: 6/6 levels left

rFire    . . .     SeeInvis .   a - +4 dagger
rCold    . . .     Gourm    .   (shield restricted)
rNeg     + . .     Faith    .   w - +0 animal skin
rPois    .         Spirit   +   m - +0 helmet
rElec    .         Reflect  .   o - scarf {Spirit}
rCorr    .         Harm     .   (no gloves)
MR       .....                  (no boots)
Stlth    ..........             (no amulet)
HPRegen  0.20/turn              q - ring of positive energy
MPRegen  0.10/turn              (no ring)

@: berserking (expiring), very quick
A: small, carnivore
a: Berserk, Trog's Hand, Renounce Religion


You were on level 4 of the Dungeon.
You worshipped Trog.
Trog was most pleased with you.
You were very full.

You visited 1 branch of the dungeon, and saw 4 of its levels.

You collected 247 gold pieces.

Inventory:

Hand Weapons
 a - a +4 dagger (weapon)
 b - a +0 hunting sling
 d - a +0 short sword
Missiles
 e - 69 stones (quivered)
 h - 82 arrows
 j - 39 bolts
 n - 2 tomahawks
 t - 23 sling bullets
 A - 11 poisoned needles
 D - 3 poisoned tomahawks
Armour
 m - a +0 helmet (worn)
 o - a scarf of spirit shield (worn)
 w - a +0 animal skin (worn)
Jewellery
 q - a ring of positive energy (left hand)
Wands
 C - a wand of flame (1)
Scrolls
 f - a scroll of amnesia {unknown}
 g - a scroll of magic mapping {unknown}
 i - 5 scrolls of identify {unknown}
 k - 3 scrolls of immolation {unknown}
 l - 3 scrolls of teleportation {unknown}
 r - 2 scrolls of enchant weapon {unknown}
 u - a scroll of blinking {unknown}
 x - a scroll of random uselessness {unknown}
 y - a scroll of noise {unknown}
 B - a scroll of fear {unknown}
Potions
 p - a potion of degeneration {unknown}
 s - 2 potions of flight {unknown}
 v - a potion of heal wounds {unknown}
 z - a potion of curing
Comestibles
 c - 8 rations


   Skills:
 - Level 3.2 Fighting
 + Level 8.8 Short Blades
 - Level 1.5 Armour
 - Level 2.4 Dodging
 - Level 6.0 Stealth


You had 6 spell levels left.
You didn't know any spells.
Your spell library was empty.

Dungeon Overview and Level Annotations

Branches:
Dungeon (4/15)
 Temple: D:4-7

Altars:
Dithmenos
Elyvilon
Makhleb
Okawaru
Ru
Trog
Vehumet
The Shining One


Innate Abilities, Weirdness & Mutations

You are small and have problems with some larger weapons.
You are carnivorous and can eat meat at any time.


Message History

Trog appreciates your killing of a magic user.
Your life force feels restored.
Your Short Blades skill increases to level 8!
The orc warrior throws a tomahawk.
The tomahawk hits you!
* * * LOW HITPOINT WARNING * * *
You feel a strong urge to attack something.
You closely miss the orc. You puncture the orc!
You kill the orc!
Trog accepts your kill.
The orc warrior hits you with an enchanted short sword!
* * * LOW HITPOINT WARNING * * *
Things that are here:
a club; a ring mail; an orc corpse You puncture the orc warrior!
The orc warrior is moderately wounded.
You barely miss the orc warrior.
The orc warrior is moderately wounded.
The orc warrior hits you with an enchanted short sword.
You die...

#?.........#
#..........#
#.$........#
#..........#
#......<...# #)#
#(# ####.##
#...@.# #...o.#
#...<.# ##
#.....## .#
#...<..### .###
#...)....##...##..
#.....#..........#
#.....#..........#
#######...........


You could see an orc warrior.

Vanquished Creatures
  Eustachio (D:4)
  A crimson imp (D:4)
  A bullfrog skeleton (D:4)
  An orc priest (D:3)
  A hound (D:4)
  An orc wizard (D:4)
  A worker ant (D:4)
  8 adders
  4 oozes (D:1)
  2 dart slugs
  A leopard gecko (D:3)
  9 orcs
  6 giant cockroaches
  4 hobgoblins
  22 jackals
  2 quokkas
  3 ball pythons
  12 bats
  6 frilled lizards
  5 goblins
  6 kobolds
  10 rats
107 creatures vanquished.

Notes
Turn   | Place    | Note
-------+----------+-------------------------------------------
     0 | D:1      | MisterFreud the Kobold Berserker began the quest for the Orb.
     0 | D:1      | Reached XP level 1. HP: 14/14 MP: 1/1
     1 | D:1      | Found a runed door.
     9 | D:1      | Reached skill level 1 in Stealth
    14 | D:1      | Reached XP level 2. HP: 19/19 MP: 2/2
    21 | D:1      | Reached XP level 3. HP: 23/23 MP: 3/3
   176 | D:1      | Reached skill level 5 in Short Blades
   420 | D:1      | Reached ** piety under Trog
   580 | D:1      | Reached XP level 4. HP: 21/28 MP: 4/4
  1213 | D:2      | Found a glowing golden altar of the Shining One.
  1494 | D:2      | Found a shadowy altar of Dithmenos.
  1584 | D:2      | Found a white marble altar of Elyvilon.
  1836 | D:2      | Reached XP level 5. HP: 27/32 MP: 3/5
  1999 | D:3      | Reached skill level 6 in Short Blades
  2230 | D:3      | Found a bloodstained altar of Trog.
  2238 | D:3      | Reached *** piety under Trog
  2654 | D:3      | Reached skill level 5 in Stealth
  2798 | D:3      | Reached XP level 6. HP: 37/37 MP: 6/6
  2803 | D:3      | Found an iron altar of Okawaru.
  2902 | D:3      | Found a sacrificial altar of Ru.
  3326 | D:4      | Reached skill level 7 in Short Blades
  3523 | D:4      | Found a radiant altar of Vehumet.
  3524 | D:4      | Found a burning altar of Makhleb.
  3538 | D:4      | Noticed an orc warrior
  3564 | D:4      | Reached XP level 7. HP: 31/41 MP: 7/7
  3572 | D:4      | Noticed Eustachio
  3609 | D:4      | Killed Eustachio
  3609 | D:4      | Reached skill level 8 in Short Blades
  3616 | D:4      | Slain by an orc warrior

Vault maps used:
D:1:      dpeg_arrival_caged_fury, serial_glass, glass_columns_a,
          glass_columns_a, glass_columns_b, glass_columns_a, glass_columns_a,
          glass_columns_a, minmay_tetromino_i4
D:2:      grunt_dithmenos_smoke, elyvilon_altar_1, overflow_temple_1_default,
          minmay_close_crescents
D:3:      nicolae_ru_sacrificial_ziggurat, bloody_trog,
          wad_floor_pattern_untrapped, okawaru_trees_1
D:4:      grunt_temple_overflow_lords_of_destruction, led_sif_book,
          first_ration, uniq_eustachio

Skill      XL: |  1  2  3  4  5  6  7 |
---------------+----------------------+-----
Stealth        | 1 2 3 4 5 6 |  6.0
Short Blades   | 5 6 7 8 |  8.8
Fighting       | |  3.2
Armour         | |  1.5
Dodging        | |  2.4

Action                   |  1- 3 |  4- 6 |  7- 9 || total
-------------------------+-------+-------+-------++-------
Melee: Short sword       |    96 |    10 |       ||   106
       Dagger            |       |   203 |    35 ||   238
Invok: Berserk           |     1 |     2 |     1 ||     4
       Trog's Hand       |       |     1 |       ||     1
  Use: Potion            |       |     1 |       ||     1
 Stab: Sleeping          |     4 |    11 |       ||    15
  Eat: Chunk             |     8 |    11 |       ||    19
Armor: Animal skin       |    14 |    33 |     2 ||    49
Dodge: Dodged            |    67 |   130 |    15 ||   212

Table legend:
 A = Spawn XP
 B = Non-spawn XP
 C = Spawn XP percentage of total XP
 D = Spawn monster count
 E = Non-spawn monster count
 F = Spawn count percentage of total count
 G = Total turns spent on level
                    A         B        C        D         E        F      G
               +---------+---------+-------+---------+---------+-------+---------
         Total |       0 |     740 |   0.0 |       0 |     107 |   0.0 |  3616
               +---------+---------+-------+---------+---------+-------+---------
           D:1 |       0 |      76 |   0.0 |       0 |      37 |   0.0 |   955
           D:2 |       0 |      95 |   0.0 |       0 |      27 |   0.0 |  1490
           D:3 |       0 |     152 |   0.0 |       0 |      32 |   0.0 |  1003
           D:4 |       0 |     417 |   0.0 |       0 |      11 |   0.0 |   168
               +---------+---------+-------+---------+---------+-------+---------
